 Dungeon Crawl Stone Soup version 0.30-a0-800-g7c544603b3 (webtiles) character file.

Game seed: 18101801084635118659

8225 browni3141 the Covert (level 11, -2/66 (69) HPs)
             Began as an Octopode Brigand on Feb 22, 2023.
             Was an Elder of Vehumet.
             Killed from afar by Josephine (23 damage)
             ... with a ghostly fireball
             ... on level 10 of the Dungeon.
             The game lasted 00:26:38 (10546 turns).

browni3141 the Covert (Octopode Brigand)           Turns: 10546, Time: 00:26:39

HP:   -2/66 (69)    AC:  5    Str: 10    XL:     11   Next: 27%
MP:   17/18         EV: 16    Int: 17    God:    Vehumet [****..]
Gold: 642           SH:  0    Dex: 21    Spells: 6/20 levels left

rFire   . . .      SeeInvis +    a - +2 dagger (venom)
rCold   . . .      Faith    .    (no shield)
rNeg    . . .      Spirit   .    C - +0 hat of the Marlin {Will+ Stlth+}
rPois   +          Reflect  .    f - amulet of magic regeneration
rElec   .          Harm     .    n - ring of see invisible
rCorr   .          Rampage  .    t - +6 ring of dexterity
Will    +....                    y - +4 ring of protection
Stlth   +++++++                  h - ring of poison resistance
HPRegen 0.31/turn                (no ring)
MPRegen 0.56/turn                (no ring)
                                 (no ring)
                                 (no ring)

@: lightly drained
A: almost no armour, amphibious, 8 rings, camouflage 1, gelatinous body 1,
(nimble swimmer 1), tentacles
a: Renounce Religion


You were on level 10 of the Dungeon.
You worshipped Vehumet.
Vehumet was greatly pleased with you.
You visited 2 branches of the dungeon, and saw 11 of its levels.
You also visited: Bailey.

You collected 642 gold pieces.

Inventory:

Hand Weapons
 a - a +2 dagger of venom (weapon)
 b - a +2 dagger of holy wrath
 o - a +2 dagger
 F - a +0 short sword of draining
Missiles
 c - 9 curare-tipped darts
 g - 12 boomerangs
 m - 7 javelins
 s - 11 poisoned darts
 I - a throwing net
Armour
 C - the +0 hat of the Marlin (worn) {Will+ Stlth+}
   (You acquired it in a bailey)

   Will:      It increases your willpower.
   Stlth:     It makes you more stealthy.
 D - a +2 kite shield
Jewellery
 f - an amulet of magic regeneration (around mantle)
 h - a ring of poison resistance (on tentacle)
 n - a ring of see invisible (left tentacle)
 t - a +6 ring of dexterity (right tentacle)
 y - a +4 ring of protection (on tentacle)
 G - an amulet of the acrobat
Wands
 z - a wand of flame (9)
Scrolls
 d - a scroll of vulnerability
 i - 2 scrolls of noise
 j - 5 scrolls of enchant weapon
 p - 5 scrolls of teleportation
 q - a scroll of fear
 v - 2 scrolls of immolation
 A - 3 scrolls of magic mapping {unknown}
 E - 2 scrolls of amnesia {unknown}
 J - a scroll of enchant armour {unknown}
Potions
 e - 3 potions of attraction
 k - a potion of might
 l - 2 potions of haste {unknown}
 r - a potion of berserk rage {unknown}
 u - a potion of lignification {unknown}
 w - a potion of curing
 x - 2 potions of magic {unknown}
 B - 2 potions of mutation {unknown}
 H - a potion of ambrosia {unknown}


   Skills:
 - Level 4.0 Fighting
 - Level 5.0 Short Blades
 - Level 2.0 Throwing
 - Level 5.0 Dodging
 - Level 10.0 Stealth
 - Level 6.0 Shields
 * Level 5.1 Spellcasting
 - Level 10.0 Conjurations
 - Level 1.0 Fire Magic
 * Level 4.4 Air Magic
 - Level 3.0 Evocations


You had 6 spell levels left.
You knew the following spells:

 Your Spells              Type           Power      Damage    Failure   Level
a - Foxfire               Conj/Fire      92%        2x1d8     1%          1
b - Shock                 Conj/Air       100%       1d9       1%          1
c - Static Discharge      Conj/Air       56%        2-5/arc   1%          2
d - Mephitic Cloud        Conj/Pois/Air  20%        N/A       1%          3
e - Ignite Poison         Fire/Tmut/Pois 5%         N/A       11%         3
f - Airstrike             Air            9%         2d(2-18)  6%          4

Your spell library contained the following spells:

 Spells                   Type           Power      Damage    Failure   Level
 Magic Dart               Conj           100%       1d8       1%          1
 Hailstorm                Conj/Ice       21%        3d6       1%          3
 Stone Arrow              Conj/Erth      42%        3d9       1%          3
 Sandblast                Erth           8%         2d5       4%          1
 Kindle Blastsparks       Fire/Tloc/Air  20%        2d11      5%          3
 Fireball                 Conj/Fire      11%        3d7       11%         5
 Freezing Cloud           Conj/Ice/Air   10%        6-21      14%         5
 Blink                    Tloc           8%         N/A       22%         2
 Call Imp                 Summ           4%         N/A       22%         2
 Ensorcelled Hibernation  Hex/Ice        8%         N/A       22%         2
 Passwall                 Tmut/Erth      3%         N/A       22%         2
 Ozocubu's Armour         Ice            4%         N/A       38%         3
 Spider Form              Tmut/Pois      4%         N/A       38%         3
 Starburst                Conj/Fire      11%        6d5       47%         6
 Anguish                  Hex/Necr       2%         N/A       80%         4
 Ice Form                 Ice/Tmut       4%         N/A       80%         4
 Manifold Assault         Tloc           4%         N/A       80%         4
 Simulacrum               Ice/Necr       2%         N/A       100%        6
 Ozocubu's Refrigeration  Ice            2%         4d7       100%        7
 Storm Form               Tmut/Air       5%         N/A       100%        7
 Lehudib's Crystal Spear  Conj/Erth      10%        10d4      100%        8
 Animate Armour           Summ/Erth      Unusable   N/A       N/A         4

Dungeon Overview and Level Annotations

Branches:
Dungeon (10/15)            Temple (1/1) D:7          Bailey (visited)
   Lair: D:8-11         Orc: D:9-12

Altars:
Ashenzari
Cheibriados
Dithmenos
Elyvilon
Fedhas
Gozag
Hepliaklqana
Kikubaaqudgha
Nemelex Xobeh
Okawaru
Qazlal
Ru
Sif Muna
Trog
Uskayaw
Vehumet
Wu Jian
Xom
Zin
The Shining One

Annotations:
D:2 1 runed translucent door, Crazy Yiuf
D:8 exclusions: 2 doors and two-headed ogre, Joseph
D:10 Josephine, Nergalle


Innate Abilities, Weirdness & Mutations

You cannot wear most types of armour.
You are amphibious.
You can wear up to eight rings at the same time.
Your skin changes colour to match your surroundings (Stealth+).
Your rubbery body absorbs attacks. (AC +1, EV +1)
((You are camouflaged when in or above water. (Stealth+)))
You have tentacles for arms and can constrict up to eight enemies at once.


Message History

Your magical contamination has completely faded away.
The troll shouts!
The troll bites you! The troll misses you. The troll closely misses you.
Casting: Airstrike (dangerous; 6% risk of failure)
Confirm with . or Enter, or press ? or * to list all spells.
Aiming: Mephitic Cloud (safe; 1% risk of failure)
Press: ? - help, Shift-Dir - straight line, f - troll, p - wraith
Aim: a troll (chance to affect: 67%)
The ball explodes into a vile cloud!
The stinking cloud engulfs the troll but does no damage.
The stinking cloud engulfs the wraith but does no damage.
The wraith is almost destroyed.
The stinking cloud engulfs you but does no damage.
The troll is engulfed in noxious fumes.
The troll bites you! The troll completely misses you. The troll misses you.
The troll is engulfed in noxious fumes.
The troll attacks as you move away! The troll bites you! The troll claws you.
The troll barely misses you.
The troll is engulfed in noxious fumes.
Casting: Mephitic Cloud (safe; 1% risk of failure)
Confirm with . or Enter, or press ? or * to list all spells.
Aiming: Mephitic Cloud (safe; 1% risk of failure)
Press: ? - help, Shift-Dir - straight line, f/p - troll
Aim: a troll (chance to affect: 67%)
The ball explodes into a vile cloud!
The stinking cloud engulfs the troll but does no damage.
The stinking cloud engulfs you but does no damage.
The troll is engulfed in noxious fumes.
The troll closely misses you. x2
The troll claws you.
* * * LOW HITPOINT WARNING * * *
The troll attacks as you move away! The troll barely misses you.
The troll claws you but does no damage. The troll closely misses you.
The troll is engulfed in noxious fumes.
The troll appears confused.
The troll is engulfed in noxious fumes.
The troll appears confused.
The troll is engulfed in noxious fumes.
The troll shouts, "YES!"
Josephine is engulfed in noxious fumes.
Josephine gestures at you while chanting.
The ghostly flame explodes!
The ghostly fireball engulfs you!!
You feel drained.
You die...

#..# #.# #..#+#######..# #..##
##W###..#.......#..#### #####.T.#
#...##..#.......#...... ........#
#.#@##..#.......#.#####
........#.#.......#.......#.#...#
........#'#....T..###..####.#...#
......#.....................#...#
####..#...#......~~~~~~~....#...#
#..#...#.....@~####≈~....'...#
#..#...#......~#∩.#≈~....#...#
#..#...#......~#..'~))...#####
#..#...#......≈#..'~~÷........
####..#...'......~#..'≈~.).......
..<...###'#....<.~#>.#≈~...[..>..
.................~####≈).........
..............##.~~~~~~~.########
####..........##.........#


You could see Josephine, a troll (confused) and a wraith.

Vanquished Creatures
  A two-headed ogre (D:10)
  2 orc knights (Bailey)
  A wizard (D:10)
  An ugly thing (D:9)
  2 kobold demonologists (Bailey)
  An unseen horror (D:10)
  Sigmund (D:2)
  3 yaks
  Grum (D:10)
  A water moccasin (D:7)
  An ice beast (D:5)
  A black bear (D:6)
  13 orc warriors
  4 centaurs
  A phantom (D:6)
  2 kobold brigands
  3 bullfrogs
  A necrophage (D:6)
  A gnoll sergeant (D:9)
  6 scorpions
  5 wights (D:8)
  7 electric eels (Bailey)
  3 howler monkeys (D:8)
  A quasit (D:6)
  4 hounds
  5 orc priests
  4 iguanas
  2 gnoll boudas
  4 orc wizards
  18 gnolls
  11 adders
  A river rat (D:9)
  2 white imps (D:7)
  An ufetubus (D:6)
  A worm (D:2)
  23 orcs
  9 ball pythons
  11 endoplasms
  3 giant cockroaches
  15 goblins
  16 hobgoblins
  8 jackals
  16 kobolds
  7 quokkas
  10 bats
  3 frilled lizards
  A goblin skeleton (D:6)
  2 goblin zombies (D:6)
  2 hobgoblin zombies (D:6)
  A kobold zombie (D:6)
  2 orc skeletons (D:6)
  2 orc zombies (D:6)
  11 rats
258 creatures vanquished.

Vanquished Creatures (others)
  642 foxfires
  9 fungi (D:4)
  10 plants (D:8)
661 creatures vanquished.

Grand Total: 919 creatures vanquished

Notes
Turn   | Place    | Note
-------+----------+-------------------------------------------
     0 | D:1      | browni3141 the Octopode Brigand began the quest for the
                  | Orb.
     0 | D:1      | Reached XP level 1. HP: 14/14 MP: 1/1
   197 | D:1      | Reached XP level 2. HP: 20/20 MP: 2/2
   523 | D:1      | Reached XP level 3. HP: 25/25 MP: 3/3
  1076 | D:2      | Reached XP level 4. HP: 33/33 MP: 4/4
  1119 | D:2      | Found a runed translucent door.
  1120 | D:2      | Noticed Crazy Yiuf
  1213 | D:2      | Noticed Sigmund
  1223 | D:2      | Killed Sigmund
  1224 | D:2      | Reached XP level 5. HP: 37/37 MP: 5/5
  1290 | D:2      | Reached XP level 6. HP: 40/43 MP: 6/6
  1679 | D:3      | Found a radiant altar of Vehumet.
  2141 | D:3      | Became a worshipper of Vehumet
  2630 | D:4      | Reached XP level 7. HP: 40/48 MP: 7/7
  2735 | D:4      | Found the +11 Singing Sword {sonic wave}
  2745 | D:4      | Reached skill level 5 in Dodging
  2859 | D:4      | Reached * piety under Vehumet
  2859 | D:4      | Offered knowledge of Foxfire by Vehumet.
  2875 | D:4      | Learned a level 1 spell: Foxfire
  3429 | D:5      | Entered Level 5 of the Dungeon
  3475 | D:5      | Found a shimmering altar of Xom.
  3611 | D:5      | Reached skill level 1 in Spellcasting
  3611 | D:5      | Reached skill level 1 in Conjurations
  3611 | D:5      | Reached skill level 1 in Fire Magic
  3643 | D:5      | Reached XP level 8. HP: 33/54 MP: 10/10
  3825 | D:5      | Found a hide-covered altar of Uskayaw.
  4118 | D:6      | Reached skill level 5 in Short Blades
  4460 | D:6      | Reached skill level 5 in Conjurations
  4641 | D:6      | Reached skill level 1 in Evocations
  4745 | D:6      | Offered knowledge of Shock by Vehumet.
  4749 | D:6      | Reached ** piety under Vehumet
  4760 | D:6      | Found a glowing golden altar of the Shining One.
  5019 | D:6      | Learned a level 1 spell: Shock
  5340 | D:7      | You fall into a shaft and drop 2 floors!
  5340 | D:9      | Found an opulent altar of Gozag.
  5371 | D:9      | Reached skill level 1 in Air Magic
  5371 | D:9      | Reached XP level 9. HP: 50/58 MP: 12/12
  5607 | D:9      | Noticed a brown ugly thing
  5622 | D:9      | Killed a brown ugly thing
  5622 | D:9      | Offered knowledge of Static Discharge by Vehumet.
  5865 | D:8      | Learned a level 2 spell: Static Discharge
  6345 | D:8      | Reached *** piety under Vehumet
  6346 | D:8      | Reached skill level 10 in Stealth
  6642 | D:8      | Noticed a two-headed ogre
  6657 | D:8      | Noticed a manticore
  6686 | D:8      | Noticed a centaur warrior
  6687 | D:8      | Noticed a cyan ugly thing
  6687 | D:8      | Noticed a manticore
  6699 | D:8      | Noticed Joseph
  6827 | D:7      | Found a stormy altar of Qazlal.
  6853 | D:7      | Reached XP level 10. HP: 44/63 MP: 13/13
  6973 | D:7      | Found a staircase to the Ecumenical Temple.
  6984 | Temple   | Entered the Ecumenical Temple
  7042 | D:7      | Reached skill level 5 in Shields
  7743 | D:8      | Offered knowledge of Dazzling Flash by Vehumet.
  8067 | D:9      | Found a bloodstained altar of Trog.
  8093 | D:9      | Noticed a death yak
  8148 | D:8      | Learned a level 3 spell: Mephitic Cloud
  8152 | D:8      | Learned a level 3 spell: Ignite Poison
  8419 | D:9      | Noticed a death yak
  8420 | D:9      | Noticed a death yak
  8570 | D:10     | Entered Level 10 of the Dungeon
  8570 | D:10     | Noticed a two-headed ogre
  8581 | D:10     | Noticed a wizard
  8592 | D:10     | Killed a wizard
  8597 | D:10     | Found a flagged portal.
  8606 | D:10     | Killed a two-headed ogre
  8719 | Bailey   | Entered a bailey
  8890 | Bailey   | Noticed an orc knight
  8945 | Bailey   | Reached **** piety under Vehumet
  9142 | Bailey   | Offered knowledge of Airstrike by Vehumet.
  9172 | Bailey   | Killed an orc knight
  9173 | Bailey   | Reached skill level 10 in Conjurations
  9178 | Bailey   | Learned a level 4 spell: Airstrike
  9210 | Bailey   | Noticed an orc knight
  9240 | Bailey   | Killed an orc knight
  9241 | Bailey   | Reached XP level 11. HP: 68/69 MP: 10/16
  9535 | Bailey   | Found an iron altar of Okawaru.
  9880 | Bailey   | Found an iron altar of Okawaru.
 10066 | Bailey   | Acquired the +0 hat of the Marlin {Will+ Stlth+}
 10117 | D:10     | Reached skill level 5 in Spellcasting
 10190 | D:10     | Noticed Grum
 10215 | D:10     | Killed Grum
 10261 | D:10     | Found a sparkling altar of Nemelex Xobeh.
 10425 | D:10     | Noticed Nergalle
 10443 | D:10     | Found an ancient bone altar of Kikubaaqudgha.
 10517 | D:10     | Noticed Josephine
 10546 | D:10     | Killed from afar by Josephine

Illustrated notes

Levels and vault maps discovered:
D:1:      matt_arrival_refuge, layout_basic
D:2:      cheibrodos_helix_gallery, layout_basic, uniq_sigmund,
          uniq_crazy_yiuf_cottage
D:3:      layout_rooms, mainiacjoe_overflow_chevrons, patterned_corridor
D:4:      old_forge, layout_loops_corners
D:5:      layout_basic, overflow_temple_1_default, mainiacjoe_overflow_24_doors,
          minmay_misc_feat_chi
D:6:      layout_loops_ring, nicolae_tso_besieged_by_evil
D:7:      layout_basic, grunt_qazlal_clouds, minmay_temple_entry_offerings
D:8:      layout_basic, mainiacjoe_overflow_divided_tiny, serial_rivers,
          chequers_serial_rivers_micro_b, chequers_serial_rivers_room_b,
          chequers_serial_rivers_small_3, chequers_serial_rivers_small_b,
          chequers_serial_rivers_micro_e, chequers_serial_rivers_micro_d,
          minmay_shattered_shrine, uniq_joseph
D:9:      layout_long_grid, grunt_gozag_statues, general_overflow_altar,
          dpeg_lair_monsters, kennysheep_generic_room_2
D:10:     layout_irregular_city, mainiacjoe_overflow_surrounded_room,
          old_standard_altar, serial_shops, nicolae_diamond_shop,
          enter_bailey_4, uniq_grum, uniq_josephine, uniq_nergalle
Temple:   minmay_freezing_vapour_temple

Skill      XL: |  1  2  3  4  5  6  7  8  9 10 11 |
---------------+----------------------------------+-----
Dodging        | 2 3 4 5 |  5.0
Fighting       | 3 4 |  4.0
Stealth        | 7 10 | 10.0
Short Blades   | 3 4 5 |  5.0
Spellcasting   | 1 2 3 5 |  5.1
Conjurations   | 1 5 7 10 | 10.0
Fire Magic     | 1 |  1.0
Evocations     | 3 |  3.0
Air Magic      | 1 2 4 |  4.4
Shields        | 4 6 |  6.0
Throwing       | |  2.0

Action                     |  1- 3 |  4- 6 |  7- 9 | 10-12 || total
---------------------------+-------+-------+-------+-------++-------
  Melee: Dagger            |    77 |    54 |   168 |    98 ||   397
         Constrict         |    14 |    16 |    40 |    27 ||    97
         Tentacles         |     6 |    15 |    44 |    31 ||    96
         Punch             |     2 |     1 |     3 |     3 ||     9
  Throw: Dart              |     9 |     8 |     3 |       ||    20
         Boomerang         |       |     7 |       |       ||     7
         Javelin           |       |     2 |       |       ||     2
   Cast: Foxfire           |       |       |   144 |   227 ||   371
         Shock             |       |       |     7 |    10 ||    17
         Static Discharge  |       |       |       |     2 ||     2
         Mephitic Cloud    |       |       |       |     3 ||     3
         Ignite Poison     |       |       |       |     1 ||     1
         Airstrike         |       |       |       |     4 ||     4
  Evoke: Wand              |       |       |     4 |     1 ||     5
    Use: Scroll            |     4 |     1 |     4 |     2 ||    11
         Potion            |       |       |     3 |       ||     3
   Stab: Sleeping          |    15 |    10 |    22 |     5 ||    52
         Paralysed         |       |       |     2 |       ||     2
         Confused          |       |       |       |     2 ||     2
         Distracted        |       |       |       |     1 ||     1
 Armour: Skin              |     6 |       |    29 |     9 ||    44
  Dodge: Dodged            |    42 |    28 |   117 |    90 ||   277

Table legend: (Time is in decaauts)
 A = Elapsed time spent in this place.
 B = Non-inter-level travel time spent in this place.
 C = Inter-level travel time spent in this place.
 D = Time resting spent in this place.
 E = Time spent auto-exploring this place.
 F = Levels seen in this place.
 G = Mean time per level.
                   A        B        C        D        E       F      G
               +--------+--------+--------+--------+--------+-----+--------+
         Total |  10463 |  10030 |    433 |   1332 |   5964 |  12 |  871.9 |
       Dungeon |   9093 |   8660 |    433 |   1090 |   5342 |  10 |  909.3 |
        Temple |     15 |     15 |      0 |      0 |     10 |   1 |   15.0 |
        Bailey |   1354 |   1354 |      0 |    242 |    612 |   1 | 1354.0 |
               +--------+--------+--------+--------+--------+-----+--------+

Top non-repeatable levels by time:
     D:8: 1508 daAuts
  Bailey: 1354 daAuts
     D:4: 1251 daAuts
     D:6: 1072 daAuts
     D:2: 1026 daAuts
     D:9: 977 daAuts
     D:7: 771 daAuts
     D:5: 755 daAuts
    D:10: 600 daAuts
     D:3: 568 daAuts
     D:1: 562 daAuts
  Temple: 15 daAuts
